 Dungeon Crawl Stone Soup version 0.21.0-3-g78d12a8 (webtiles) character file.

6384 Jatast the Basher (level 11, -6/126 HPs)
             Began as a Human Wanderer on Jan 10, 2018.
             Was a Priest of Trog.
             Mangled by barbarian's ghost (30 damage)
             ... on level 9 of the Dungeon.
             The game lasted 00:33:43 (13036 turns).

Jatast the Basher (Human Wanderer)                 Turns: 13036, Time: 00:33:43

Health: -6/126     AC: 15    Str: 19    XL:     11   Next: 17%
Magic:  11/11      EV:  8    Int: 17    God:    Trog [***...]
Gold:   492        SH:  5    Dex: 10    Spells: 10/10 levels left

rFire    . . .     SeeInvis .   b - +0 morningstar
rCold    . . .     Gourm    .   E - +1 buckler {AC+3}
rNeg     . . .     Faith    .   n - +0 chain mail (curse)
rPois    .         Spirit   .   u - +0 helmet
rElec    .         Reflect  .   (no cloak)
rCorr    .         Harm     .   (no gloves)
MR       .....                  (no boots)
Stlth    ..........             (no amulet)
HPRegen  0.31/turn              (no ring)
MPRegen  0.12/turn              (no ring)

@: berserking (expiring), very quick
A: no striking features
a: Berserk, Trog's Hand, Burn Spellbooks, Renounce Religion


You were on level 9 of the Dungeon.
You worshipped Trog.
Trog was most pleased with you.
You were hungry.

You visited 1 branch of the dungeon, and saw 9 of its levels.

You collected 492 gold pieces.

Inventory:

Hand Weapons
 a - a +2 whip of venom
 b - a +0 morningstar (weapon)
 g - a +2 whip of flaming
Armour
 n - a cursed +0 chain mail (worn)
 u - a +0 helmet (worn)
 E - a +1 buckler of protection (worn)
Jewellery
 j - an uncursed ring of fire {unknown}
 k - a cursed -3 ring of protection {unknown}
 p - an uncursed ring of magical power {unknown}
 y - an uncursed ring of protection from cold {unknown}
Wands
 q - a wand of acid (5)
 w - a wand of enslavement (12)
Scrolls
 m - 5 scrolls of teleportation
 s - a scroll of remove curse
 v - a scroll of enchant armour
 A - 3 scrolls of identify
 B - a scroll of magic mapping
Potions
 c - a potion of might
 d - 2 potions of flight
 e - 3 potions of heal wounds
 h - 3 potions of curing
 i - a potion of brilliance
 l - 3 potions of lignification
 o - a potion of berserk rage
 r - a potion of cancellation
 t - 2 potions of degeneration
 x - a potion of magic {unknown}
 C - a potion of agility
 F - a potion of ambrosia {unknown}
Books
 z - a book of Frost

   Spells                             Type                      Level
   a - Freeze                         Ice                          1
   b - Throw Frost                    Conjuration/Ice              2
   c - Ozocubu's Armour               Charms/Ice                   3
   d - Throw Icicle                   Conjuration/Ice              4
   e - Summon Ice Beast               Ice/Summoning                4
   Trog disapproves of the use of such an item.
 G - a book of Maledictions

   Spells                             Type                      Level
   a - Corona                         Hexes                        1
   b - Ensorcelled Hibernation        Hexes/Ice                    2
   c - Confuse                        Hexes                        3
   d - Tukima's Dance                 Hexes                        3
   e - Dazzling Spray                 Conjuration/Hexes            3
   Trog disapproves of the use of such an item.
Comestibles
 f - 12 rations


   Skills:
 + Level 7.3 Fighting
   Level 1.2(7.6) Axes
 * Level 11.7 Maces & Flails
 - Level 2.0 Throwing
 + Level 7.5 Armour
 - Level 2.8 Dodging
 + Level 2.6 Shields
   Level 3.0 Air Magic


You had 10 spell levels left.
You didn't know any spells.

Dungeon Overview and Level Annotations

Branches:
Dungeon (9/15)             Temple (0/1) D:7            Lair (0/6) D:9
    Orc: D:9-12

Altars:
Cheibriados
Dithmenos
Kikubaaqudgha
Okawaru
Ru
Trog
Uskayaw
Vehumet
Xom
Zin
The Shining One

Annotations:
D:9 barbarian's ghost, novice TrMo


Message History

Barbarian's ghost hits you!
You sock barbarian's ghost!
Barbarian's ghost is almost destroyed.
Barbarian's ghost keens inconsolably.
You block barbarian's ghost's attack.
You closely miss barbarian's ghost.
Barbarian's ghost is almost destroyed.
You closely miss barbarian's ghost.
Barbarian's ghost is almost destroyed.
Barbarian's ghost hits you!!
You sock barbarian's ghost!
Barbarian's ghost is almost destroyed.
You closely miss barbarian's ghost.
Barbarian's ghost is almost destroyed.
Barbarian's ghost hits you!!
* * * LOW HITPOINT WARNING * * *
You miss barbarian's ghost.
Barbarian's ghost is almost destroyed.
Barbarian's ghost hits you!!
You die...

##...# #...#. #.....####
...... #..P....#.# ####
..#._.
#.......#.###..###......
...........##..../....#.
...........##...........
....>.......#........###
..[......##.#........##
.........##..#..@.....#
#.PP..P.####....W.....#
#..P....# #...........#
##.....######..........#
##...###..##.#.........
###........#.####......
##............# #.....
..............## ##...
...............##


You could see barbarian's ghost.

Vanquished Creatures
  2 two-headed ogres
  An unseen horror (D:8)
  An elephant (D:9)
  A hornet (D:7)
  2 hippogriffs
  A spriggan (D:6)
  A basilisk (D:9)
  Edmund (D:6)
  A water moccasin (D:8)
  3 ice beasts
  A phantom (D:9)
  3 orc warriors
  3 ogres
  A necrophage (D:6)
  2 centaurs
  A crocodile (D:8)
  A gnoll sergeant (D:5)
  A bullfrog (D:8)
  2 scorpions
  6 killer bees (D:8)
  3 howler monkeys
  A crimson imp (D:6)
  A bullfrog zombie (D:8)
  A centaur zombie (D:8)
  2 hounds
  2 jellies
  A bullfrog skeleton (D:8)
  6 orc priests
  15 orc wizards
  3 iguanas
  5 worker ants
  2 killer bee zombies
  A hound zombie (D:5)
  2 worker ant zombies
  8 gnolls
  A howler monkey skeleton (D:5)
  6 adders
  2 shadow imps (D:8)
  2 oozes
  3 adder zombies
  An adder skeleton (D:9)
  4 worms
  3 dart slugs
  4 leopard geckos
  35 orcs
  A ball python (D:2)
  7 giant cockroaches
  2 goblins (D:1)
  6 hobgoblins
  7 quokkas
  7 bats
  13 frilled lizards
  A giant cockroach zombie (D:5)
  2 jackal skeletons
  A jackal zombie (D:4)
  5 kobolds
  A leopard gecko skeleton (D:5)
  16 rats
218 creatures vanquished.

Vanquished Creatures (others)
  An orc wizard (D:7)
1 creature vanquished.

Grand Total: 219 creatures vanquished

Notes
Turn   | Place    | Note
-------+----------+-------------------------------------------
     0 | D:1      | Jatast the Human Wanderer began the quest for the Orb.
     0 | D:1      | Jatast set off with: a +2 hand axe, Sif Muna's Reference Book on Changing, the Volume of the Birds, a +0 robe, a ration
     0 | D:1      | Reached XP level 1. HP: 16/16 MP: 1/1
     0 | D:1      | Identified Sif Muna's Reference Book on Changing
     0 | D:1      | Identified the Volume of the Birds
    53 | D:1      | Reached XP level 2. HP: 7/22 MP: 2/2
    54 | D:1      | Reached skill level 1 in Dodging
   511 | D:1      | Found a shimmering altar of Xom.
   689 | D:2      | Reached XP level 3. HP: 26/28 MP: 3/3
  1426 | D:2      | Reached XP level 4. HP: 32/35 MP: 4/4
  1697 | D:2      | Noticed a moth of wrath
  1705 | D:2      | Found a bloodstained altar of Trog.
  1882 | D:2      | Became a worshipper of Trog the Wrathful
  2639 | D:3      | Found a hide-covered altar of Uskayaw.
  2639 | D:3      | Noticed a hand axe
  2639 | D:3      | Noticed a dagger
  2713 | D:2      | Reached XP level 5. HP: 19/41 MP: 5/5
  3030 | D:3      | Reached * piety under Trog
  3030 | D:3      | Reached skill level 1 in Maces & Flails
  3213 | D:3      | Found a glowing golden altar of the Shining One.
  3275 | D:3      | Reached skill level 2 in Maces & Flails
  3768 | D:4      | Reached skill level 3 in Maces & Flails
  3768 | D:4      | Reached XP level 6. HP: 34/47 MP: 6/6
  4338 | D:4      | Found a sacrificial altar of Ru.
  4413 | D:4      | Reached skill level 4 in Maces & Flails
  4879 | D:4      | Noticed an angel
  4880 | D:4      | Found a glowing silver altar of Zin.
  5231 | D:5      | Entered Level 5 of the Dungeon
  5375 | D:5      | Reached XP level 7. HP: 23/52 MP: 7/7
  5665 | D:5      | Reached skill level 5 in Maces & Flails
  6038 | D:5      | Found a snail-covered altar of Cheibriados.
  6164 | D:6      | Noticed Edmund
  6168 | D:6      | Killed Edmund
  6168 | D:6      | Reached skill level 6 in Maces & Flails
  6393 | D:5      | Reached XP level 8. HP: 25/58 MP: 8/8
  6573 | D:6      | Reached ** piety under Trog
  6573 | D:6      | Reached skill level 7 in Maces & Flails
  7679 | D:6      | Reached skill level 8 in Maces & Flails
  8180 | D:7      | Noticed a hornet
  8326 | D:7      | Reached XP level 9. HP: 40/65 MP: 9/9
  9018 | D:6      | Reached skill level 9 in Maces & Flails
  9018 | D:6      | Reached skill level 5 in Armour
  9425 | D:7      | Paralysed by a hornet for 1 turns
  9427 | D:7      | Killed a hornet
  9427 | D:7      | Reached skill level 5 in Fighting
  9771 | D:7      | Found a shadowy altar of Dithmenos.
  9815 | D:7      | Reached *** piety under Trog
  9853 | D:7      | Found a staircase to the Ecumenical Temple.
 10707 | D:8      | Noticed a two-headed ogre
 10717 | D:8      | Killed a two-headed ogre
 10717 | D:8      | Reached skill level 10 in Maces & Flails
 10717 | D:8      | Reached XP level 10. HP: 68/76 MP: 10/10
 11125 | D:8      | Killed an unseen horror
 11383 | D:8      | Reached skill level 11 in Maces & Flails
 11780 | D:8      | Found an ancient bone altar of Kikubaaqudgha.
 12032 | D:8      | Reached skill level 1 in Shields
 12682 | D:9      | Noticed a two-headed ogre
 12731 | D:9      | Killed a two-headed ogre
 12731 | D:9      | Reached XP level 11. HP: 84/84 MP: 11/11
 12842 | D:9      | Found an iron altar of Okawaru.
 12941 | D:9      | Found a staircase to the Lair.
 12943 | D:9      | Noticed an elephant
 12961 | D:9      | Killed an elephant
 13002 | D:9      | Found a radiant altar of Vehumet.
 13014 | D:9      | Noticed barbarian's ghost (novice TrMo)
 13036 | D:9      | Mangled by barbarian's ghost

Skill      XL: |  1  2  3  4  5  6  7  8  9 10 |
---------------+-------------------------------+-----
Dodging        | 1 2 |  2.8
Fighting       | 3 4 6 7 |  7.3
Maces & Flails | 3 4 6 8 10 11 | 11.7
Armour         | 4 6 7 |  7.5
Shields        | 2 |  2.6
Axes           | |  1.2
Throwing       | |  2.0
Air Magic      | |  3.0

Action                   |  1- 3 |  4- 6 |  7- 9 | 10-12 || total
-------------------------+-------+-------+-------+-------++-------
Melee: Hand axe          |    89 |   127 |       |       ||   216
       Trident           |       |    25 |       |       ||    25
       Whip              |       |   163 |   471 |   234 ||   868
       Morningstar       |       |       |       |    37 ||    37
       Demon trident     |       |       |       |    19 ||    19
Invok: Berserk           |       |       |     8 |     3 ||    11
       Trog's Hand       |       |       |     2 |     1 ||     3
Evoke: Wand              |       |       |     3 |       ||     3
  Use: Scroll            |       |    13 |     1 |     3 ||    17
  Eat: Chunk             |     2 |    13 |    16 |     8 ||    39
       Ration            |       |       |     2 |     1 ||     3
Armor: Scale mail        |    31 |   162 |       |       ||   193
       Robe              |     2 |       |       |       ||     2
       Chain mail        |       |    13 |   182 |   121 ||   316
Dodge: Dodged            |    56 |   179 |    91 |    59 ||   385
Block: Buckler           |       |       |       |    17 ||    17
